 Dungeon Crawl Stone Soup version 0.31-a0-858-g469dc525a8 (webtiles) character file.

Game seed: 11098259419733406241

5684 IndexError the Geomancer (level 10, -5/64 HPs)
             Began as a Gargoyle Earth Elementalist on Oct 9, 2023.
             Was a Believer of Ashenzari.
             Slain by a two-headed ogre
             ... wielding a +0 glaive
              (17 damage)
             ... in a bailey.
             The game lasted 00:16:46 (8818 turns).

IndexError the Geomancer (GrEE)                     Turns: 8818, Time: 00:16:46

Health: -5/64      AC: 21    Str:  9    XL:     10   Next: 75%
Magic:  20/25      EV: 11    Int: 24    God:    Ashenzari [**....]
Gold:   330        SH:  0    Dex: 10    Spells: 9/31 levels left

rFire   + . .        I - +0 demon whip of Ashenzari's Annoyance {venom, Self, Melee} (curse)
rCold   . . .        (no shield)
rNeg    + . .        D - +0 acid dragon scales of Ashenzari's Suspicion {rCorr, Alch, Bglg} (curse)
rPois   ∞            q - +2 helmet "Ruined Together" {rElec Will+ rCorr Stlth+, Elem, Comp} (curse)
rElec   +            y - +0 cloak
rCorr   +            f - +2 pair of gloves
SInv    +            v - +0 pair of boots "Geumoish" {Rampage Will++ Str-2 Int+3}
Will    +++..        (no amulet)
Stlth   ++           d - ring of wizardry {Wiz+, !d}
HPRegen 0.30/turn    n - ring of protection from fire {rF+, !d}
MPRegen 0.19/turn

%: rampage, wizardry (x1)
@: no status effects
A: sickness immunity, AC +7, negative energy resistance 1, electricity
resistance, torment resistance 1, petrification resistance
a: Renounce Religion, Curse Item, Shatter the Chains


You were in a bailey.
You worshipped Ashenzari.
Ashenzari was pleased with you.
You visited 2 branches of the dungeon, and saw 11 of its levels.
You also visited: Bailey.

You collected 548 gold pieces.
You spent 218 gold pieces at shops.

Inventory:

Hand Weapons
 I - the cursed +0 demon whip of Ashenzari's Annoyance (weapon) {venom, Self, Melee}
   (You took it off Amaemon on level 8 of the Dungeon)

   It has a curse which improves the following skills: Introspection: Fighting
   and Spellcasting.
   Melee Combat: Short Blades, Long Blades, Axes, Maces & Flails, Polearms,
   Staves and Unarmed Combat.
Missiles
 a - a throwing net {=f, !d}
 e - 6 boomerangs (quivered)
 w - 2 darts of dispersal {=f}
Armour
 f - a +2 pair of gloves (worn)
   (You found it on level 2 of the Dungeon)
 q - the cursed +2 helmet "Ruined Together" (worn) {rElec Will+ rCorr Stlth+, Elem, Comp}
   (You found it on level 3 of the Dungeon)

   rElec:     It insulates you from electricity.
   Will+:     It increases your willpower.
   rCorr:     It protects you from acid and corrosion.
   Stlth+:    It makes you more stealthy.
   It has a curse which improves the following skills: Elements: Fire Magic, Ice
   Magic, Air Magic and Earth Magic.
   Companions: Summonings and Necromancy.
 v - the +0 pair of boots "Geumoish" (worn) {Rampage Will++ Str-2 Int+3}
   (You bought it in a shop on level 3 of the Dungeon)

   Str-2:     It affects your strength (-2).
   Int+3:     It affects your intelligence (+3).
   Will++:    It greatly increases your willpower.
   Rampage:   It bestows one free step when moving towards enemies.
 y - a +0 cloak (worn)
   (You found it on level 4 of the Dungeon)
 D - the cursed +0 acid dragon scales of Ashenzari's Suspicion (worn) {rCorr, Alch, Bglg}
   (You found it on level 6 of the Dungeon)

   rCorr:     It protects you from acid and corrosion.
   It has a curse which improves the following skills: Alchemy: Poison Magic and
   Transmutations.
   Beguiling: Conjurations, Hexes and Translocations.
 F - the +3 robe of the Bruised Coins {Str+2}
   (You found it on level 6 of the Dungeon)

   Str+2:     It affects your strength (+2).
Jewellery
 d - a ring of wizardry (left hand) {Wiz+, !d}
   (You found it on level 1 of the Dungeon)
 j - a ring of flight {+Fly, !d}
   (You found it on level 2 of the Dungeon)
 m - a ring of willpower
   (You found it on level 2 of the Dungeon)
 n - a ring of protection from fire (right hand) {rF+, !d}
   (You found it on level 2 of the Dungeon)
Wands
 i - a wand of polymorph (4)
   (You took it off an orc priest on level 9 of the Dungeon)
 p - a wand of light (15)
   (You took it off Ijyb on level 3 of the Dungeon)
 G - a wand of flame (18)
   (You found it on level 7 of the Dungeon)
Scrolls
 c - a scroll of torment {!r}
 g - 3 scrolls of fear
 k - a scroll of amnesia
 l - 5 scrolls of immolation {!r}
 s - a scroll of revelation
 t - a scroll of teleportation
 E - a scroll of fog
Potions
 b - 2 potions of magic
 h - 5 potions of heal wounds
 r - 2 potions of brilliance
 u - a potion of lignification {!q}
 x - a potion of enlightenment
 z - a potion of haste
 A - 3 potions of mutation {!q}
 H - 2 potions of curing


   Skills:
 + Level 6.7(7.8) Fighting
 - Level 1.5 Dodging
 - Level 2.1 Stealth
 - Level 10.0(11.1) Spellcasting
 + Level 6.6(7.8) Conjurations
 - Level 0.7(1.3) Transmutations
 - Level 10.0(11.1) Earth Magic


You had 9 spell levels left.
You knew the following spells:

 Your Spells              Type           Power      Damage    Failure   Level
a - Sandblast             Erth           100%       2d20      1%          1
b - Brom's Barrelling Bo  Conj/Erth      56%        2d7       1%          4
c - Petrify               Tmut/Erth      43%        N/A       2%          4
d - Wereblood             Tmut           19%        N/A       2%          2
e - Irradiate             Conj/Tmut      17%        3d17      13%         5
f - Call Canine Familiar  Summ           13%        N/A       9%          3
x - Stone Arrow           Conj/Erth      100%       3d13      1%          3

Your spell library contained the following spells:

 Spells                   Type           Power      Damage    Failure   Level
 Passwall                 Tmut/Erth      35%        N/A       1%          2
 Summon Small Mammal      Summ           52%        N/A       3%          1
 Summon Guardian Golem    Hex/Summ       13%        N/A       9%          3


Dungeon Overview and Level Annotations

Branches:
Dungeon (10/15)            Temple (1/1) D:5            Lair (0/5) D:9
 Bailey (1/1)
    Orc: D:9-12

Altars:
Ashenzari
Cheibriados
Dithmenos
Elyvilon
Fedhas
Gozag
Hepliaklqana
Kikubaaqudgha
Makhleb
Nemelex Xobeh
Okawaru
Qazlal
Ru
Sif Muna
Trog
Uskayaw
Vehumet
Wu Jian
Xom
Yredelemnul
Zin
The Shining One

Shops:
D:2 *   D:3 [

Annotations:
D:8 1 runed translucent door, caelrath's ghost, novice DjCj


Innate Abilities, Weirdness & Mutations

You are immune to sickness and miasma.
Your stone body is resilient. (AC +7)
You are immune to poison.
You resist negative energy. (rN+)
You are resistant to electric shocks. (rElec)
You are resistant to unholy torment.
You are immune to petrification.


Message History

Press: ? - help, Shift-Dir - straight line, f/p - ogre
Aim: an ogre, wielding a +0 halberd (moderately wounded, ally target, 93% to hit)
Okay, then.
Your hound bites the ogre. x2; The ogre barely misses your hound.
Your hound bites the ogre.
Your hound splashes around in the water.
Your hound bites the ogre.
The ogre hits your hound with a +0 halberd!!
Your hound's corpse disappears in a puff of smoke!
Casting: Sandblast (safe; 1% risk of failure)
Confirm with . or Enter, or press ? or * to list all spells.
Aiming: Sandblast (safe; 1% risk of failure)
Press: ? - help, Shift-Dir - straight line, f/p - ogre
Aim: an ogre, wielding a +0 halberd (severely wounded, 93% to hit)
The blast of sand hits the ogre!!
Health restored: 64 You start resting.
Magic restored.
MP restored: 25
Casting: Sandblast (safe; 1% risk of failure)
Confirm with . or Enter, or press ? or * to list all spells.
You now have 22/25 mp.
You sense a monster nearby.
MP restored: 25 You sense a monster nearby.
You sense a monster nearby.
A spriggan comes into view. It is wielding a +4 spear.
The spriggan shouts!
You hear two shouts!
The spriggan moves out of view.
Casting: Call Canine Familiar (dangerous; 9% risk of failure)
Confirm with . or Enter, or press ? or * to list all spells.
Aiming: Sandblast (safe; 1% risk of failure)
Press: ? - help, Shift-Dir - straight line, f - spriggan
Aim: a spriggan, wielding a +4 spear (70% to hit)
The blast of sand hits the spriggan!!
The spriggan hits you from afar with a +4 spear!
A two-headed ogre comes into view. It is wielding two +0 glaives.
You take 7 damage, and have 57/64 hp.
You now have 24/25 mp.
Casting: Sandblast (safe; 1% risk of failure)
Confirm with . or Enter, or press ? or * to list all spells.
Aiming: Sandblast (safe; 1% risk of failure)
Press: ? - help, Shift-Dir - straight line, f/p - spriggan
Aim: a spriggan, wielding a +4 spear (almost dead, ally target, 70% to hit)
The blast of sand hits the spriggan!!
Your hound disappears in a puff of smoke!
A spriggan comes into view. It is wielding a +0 trident.
You now have 23/25 mp.
Casting: Sandblast (safe; 1% risk of failure)
Confirm with . or Enter, or press ? or * to list all spells.
Aiming: Sandblast (safe; 1% risk of failure)
Press: ? - help, Shift-Dir - straight line, f - two-headed ogre
Aim: a two-headed ogre, wielding two +0 glaives (93% to hit)
The blast of sand hits the two-headed ogre but does no damage.
The spriggan shouts!
You hear a shout!
The two-headed ogre hits you but does no damage.
The two-headed ogre closely misses you.
You now have 22/25 mp.
Casting: Sandblast (safe; 1% risk of failure)
Confirm with . or Enter, or press ? or * to list all spells.
Aiming: Sandblast (safe; 1% risk of failure)
Press: ? - help, Shift-Dir - straight line, f/p - two-headed ogre
Aim: a two-headed ogre, wielding two +0 glaives (93% to hit)
The blast of sand misses the two-headed ogre.
The spriggan hits you from afar with a +0 trident.
The two-headed ogre hits you from afar with a +0 glaive!
The two-headed ogre hits you from afar with a +0 glaive.
You take 16 damage, and have 41/64 hp.
MASSIVE DAMAGE!!
Casting: Sandblast (safe; 1% risk of failure)
Confirm with . or Enter, or press ? or * to list all spells.
Aiming: Sandblast (safe; 1% risk of failure)
Press: ? - help, Shift-Dir - straight line, f/p - two-headed ogre
Aim: a two-headed ogre, wielding two +0 glaives (93% to hit)
The blast of sand hits the two-headed ogre!
The spriggan hits you but does no damage.
The spriggan closely misses you.
The two-headed ogre hits you from afar with a +0 glaive!
The two-headed ogre hits you from afar with a +0 glaive.
You take 13 damage, and have 28/64 hp.
MASSIVE DAMAGE!!
You now have 21/25 mp.
Casting: Sandblast (safe; 1% risk of failure)
Confirm with . or Enter, or press ? or * to list all spells.
Aiming: Sandblast (safe; 1% risk of failure)
Press: ? - help, Shift-Dir - straight line, f/p - two-headed ogre
Aim: a two-headed ogre, wielding two +0 glaives (moderately wounded, 93% to hit)
The blast of sand hits the two-headed ogre!
The spriggan barely misses you.
The two-headed ogre hits you from afar with a +0 glaive!
The two-headed ogre barely misses you.
You take 6 damage, and have 22/64 hp.
You now have 20/25 mp.
Casting: Sandblast (safe; 1% risk of failure)
Confirm with . or Enter, or press ? or * to list all spells.
Aiming: Sandblast (safe; 1% risk of failure)
Press: ? - help, Shift-Dir - straight line, f/p - two-headed ogre
Aim: a two-headed ogre, wielding two +0 glaives (heavily wounded, 93% to hit)
The blast of sand hits the two-headed ogre but does no damage.
The spriggan hits you from afar with a +0 trident.
The spriggan hits you but does no damage.
The two-headed ogre hits you from afar with a +0 glaive!
* * * LOW HITPOINT WARNING * * *
The two-headed ogre hits you from afar with a +0 glaive!
You die...

####
....#
...#
...#
#Oi##
♣..##
#@.#
#..#
#..#
{#..#
#..#
#..# .#
##..#
..♣ {
#♣..##
#..#
{##..##


You could see a two-headed ogre and a spriggan.

Vanquished Creatures
  A two-headed ogre (D:8)
  Amaemon (D:8)
  An orange demon (D:8)
  Grinder (D:5)
  2 hornets (D:8)
  2 wyverns
  A spriggan (Bailey)
  Eustachio (D:4)
  A steam dragon (D:9)
  An acid dragon (D:6)
  2 orc warriors
  2 sky beasts (D:8)
  An ice beast (D:7)
  2 black bears
  4 ogres
  2 bullfrogs
  2 gnoll sergeants
  4 scorpions
  6 killer bees (D:8)
  3 howler monkeys (D:8)
  A hound (D:5)
  3 gnoll boudas
  6 orc priests
  A sleepcap (D:7)
  4 iguanas
  Ijyb (D:3)
  Terence (D:2)
  9 orc wizards
  17 gnolls
  3 adders
  2 white imps
  2 ufetubi
  2 worms (D:2)
  3 dart slugs
  32 orcs
  6 ball pythons
  6 endoplasms
  A giant cockroach (D:3)
  10 goblins
  3 hobgoblins
  2 jackals (D:2)
  A quokka (D:2)
  2 bats (D:1)
  3 frilled lizards
  5 kobolds
  A rat (D:1)
167 creatures vanquished.

Notes
Turn   | Place    | Note
-------+----------+-------------------------------------------
     0 | D:1      | IndexError the Gargoyle Earth Elementalist began the quest
                  | for the Orb.
     0 | D:1      | Reached XP level 1. HP: 10/10 MP: 3/3
   321 | D:1      | Reached XP level 2. HP: 15/15 MP: 1/5
   504 | D:1      | Reached skill level 4 in Earth Magic
  1278 | D:2      | Reached XP level 3. HP: 19/19 MP: 4/6
  1418 | D:2      | Noticed Terence
  1429 | D:2      | Killed Terence
  1430 | D:2      | Reached skill level 3 in Spellcasting
  1549 | D:2      | Reached XP level 4. HP: 24/24 MP: 5/8
  1593 | D:2      | Learned a level 3 spell: Stone Arrow
  1598 | D:2      | Learned a level 4 spell: Brom's Barrelling Boulder
  1782 | D:2      | Found Imith's General Store.
  1970 | D:2      | Reached skill level 5 in Earth Magic
  2083 | D:3      | Noticed Ijyb
  2091 | D:3      | Killed Ijyb
  2091 | D:3      | HP: 4/24 [frozen (4)]
  2278 | D:3      | Reached XP level 5. HP: 28/28 MP: 8/10
  2448 | D:3      | Identified the +2 helmet "Eluhenki" {rElec Will+ rCorr
                  | Stlth+}
  2548 | D:3      | HP: 6/28 [orc priest/divine providence (12)]
  2738 | D:3      | Found Loul's Antique Armour Shoppe.
  2791 | D:3      | Bought a pair of polished boots for 218 gold pieces
  2791 | D:3      | Identified the +0 pair of boots "Geumoish" {Rampage Will++
                  | Str-2 Int+3} (You bought it in a shop on level 3 of the
                  | Dungeon)
  2934 | D:4      | Reached skill level 4 in Spellcasting
  2961 | D:4      | Reached skill level 6 in Earth Magic
  2961 | D:4      | Reached XP level 6. HP: 32/32 MP: 9/12
  3001 | D:4      | Noticed Eustachio
  3009 | D:4      | Killed Eustachio
  3091 | D:4      | Noticed a black bear
  3106 | D:4      | Killed a black bear
  3107 | D:4      | Reached skill level 5 in Spellcasting
  3107 | D:4      | Reached skill level 7 in Earth Magic
  3107 | D:4      | Reached XP level 7. HP: 36/36 MP: 11/14
  3606 | D:4      | Learned a level 4 spell: Petrify
  3610 | D:5      | Entered Level 5 of the Dungeon
  3952 | D:5      | Reached skill level 8 in Earth Magic
  3980 | D:5      | Reached skill level 6 in Spellcasting
  3980 | D:5      | Reached XP level 8. HP: 23/41 MP: 12/17
  4078 | D:5      | Found a staircase to the Ecumenical Temple.
  4416 | D:5      | Noticed Grinder
  4420 | D:5      | Killed Grinder
  4421 | D:5      | Reached skill level 9 in Earth Magic
  4528 | D:6      | Reached skill level 7 in Spellcasting
  4564 | Temple   | Entered the Ecumenical Temple
  4587 | Temple   | Became a worshipper of Ashenzari the Shackled
  4829 | D:6      | Identified the +3 robe of the Bruised Coins {Str+2}
  5196 | D:6      | Reached skill level 10 in Earth Magic
  5276 | D:6      | Reached XP level 9. HP: 45/45 MP: 18/20
  5530 | D:7      | Reached skill level 8 in Spellcasting
  6209 | D:7      | Found a glowing golden altar of the Shining One.
  6413 | D:7      | Reached * piety under Ashenzari
  6485 | D:8      | Noticed Amaemon
  6486 | D:8      | Reached skill level 9 in Spellcasting
  6490 | D:8      | Noticed an orange demon
  6492 | D:8      | HP: 8/45 [orange demon[Amaemon] (7)]
  6494 | D:8      | Killed Amaemon
  6495 | D:8      | Reached skill level 10 in Spellcasting
  6495 | D:8      | HP: 1/45 [orange demon[Amaemon] (5)]
  6497 | D:8      | Killed an orange demon
  6498 | D:8      | Reached skill level 2 in Fighting
  6498 | D:8      | Reached skill level 2 in Conjurations
  6743 | D:8      | Noticed a hornet
  6749 | D:8      | Killed a hornet
  6750 | D:8      | Reached skill level 3 in Fighting
  6750 | D:8      | Reached skill level 3 in Conjurations
  6750 | D:8      | Reached XP level 10. HP: 52/56 MP: 18/24
  7060 | D:8      | Reached skill level 4 in Fighting
  7060 | D:8      | Reached skill level 4 in Conjurations
  7170 | D:8      | Reached ** piety under Ashenzari
  7176 | D:8      | Found a runed translucent door.
  7178 | D:8      | Identified the +2 spear "Saucwant" {speed, Will+ Int+6
                  | Dex-4}
  7181 | D:8      | Noticed caelrath's ghost (novice DjCj)
  7542 | D:9      | Found a staircase to the Lair.
  7560 | D:9      | Noticed a two-headed ogre
  7590 | D:8      | Killed a two-headed ogre
  7591 | D:8      | Reached skill level 5 in Fighting
  7591 | D:8      | Reached skill level 5 in Conjurations
  7593 | D:8      | HP: 7/61 [orc warrior/+0 flail (13)]
  8036 | D:9      | Reached skill level 6 in Fighting
  8036 | D:9      | Reached skill level 6 in Conjurations
  8269 | D:9      | Found a shadowy altar of Dithmenos.
  8648 | D:10     | Entered Level 10 of the Dungeon
  8718 | D:10     | Found a flagged portal.
  8730 | Bailey   | Entered a bailey
  8744 | Bailey   | Learned a level 2 spell: Wereblood
  8750 | Bailey   | Learned a level 5 spell: Irradiate
  8754 | Bailey   | Learned a level 3 spell: Call Canine Familiar
  8812 | Bailey   | Noticed a two-headed ogre
  8818 | Bailey   | HP: 12/64 [two-headed ogre/+0 glaive (9)]
  8818 | Bailey   | Slain by a two-headed ogre

Illustrated notes

Levels and vault maps discovered:
D:1:      tarquinn_simple_flora_water_f, layout_basic
D:2:      layout_basic, serial_shops, nicolae_shop_crystal, uniq_terence
D:3:      layout_rooms, serial_shops, nicolae_shop_statue_plus, uniq_ijyb
D:4:      wander_river, layout_rooms, uniq_eustachio
D:5:      layout_loops_ring, minmay_temple_entry_junction_2,
          nicolae_grassy_gnolls, uniq_grinder
D:6:      layout_gridville, grunt_ministairs_7, nicolae_elevator_lobby_asterisk
D:7:      layout_basic, tso_oasis_becter, minmay_misc_feat_plants
D:8:      layout_loops_cross, ebering_ghost_funeral_grove, grunt_ministairs_7,
          uniq_amaemon
D:9:      layout_basic, nicolae_dithmenos_through_a_glass_darkly,
          lair_entry_dummy
D:10:     layout_gridville, hiddenorc2_lemuel, enter_bailey_3, uniq_harold,
          uniq_erica
Temple:   nicolae_temple_slightly_damp_pantheon
Bailey:   bailey_polearm_enchanted_keep_hellmonk, bailey

Skill      XL: |  1  2  3  4  5  6  7  8  9 10 |
---------------+-------------------------------+-----
Earth Magic    | 4 5 6 7 8 10 | 10.0
Spellcasting   | 3 4 5 6 7 10 | 10.0
Fighting       | 3 6 |  6.7
Conjurations   | 3 6 |  6.6
Dodging        | |  1.5
Stealth        | |  2.1
Transmutations | |  0.7

Action                     |  1- 3 |  4- 6 |  7- 9 | 10-12 || total
---------------------------+-------+-------+-------+-------++-------
   Fire: Sling             |    20 |    37 |    95 |     5 ||   157
  Throw: Boomerang         |     7 |       |       |    19 ||    26
   Cast: Sandblast         |    34 |    52 |   123 |    65 ||   274
         Stone Arrow       |       |       |     3 |     4 ||     7
         Call Canine Famil |       |       |       |     2 ||     2
 Invoke: Curse Item        |       |       |     2 |     1 ||     3
 Armour: Robe              |    10 |    13 |    14 |       ||    37
         Acid dragon scale |       |       |    53 |    47 ||   100
  Dodge: Dodged            |     8 |    17 |    52 |    32 ||   109

Table legend: (Time is in decaauts)
 A = Elapsed time spent in this place.
 B = Non-inter-level travel time spent in this place.
 C = Inter-level travel time spent in this place.
 D = Time resting spent in this place.
 E = Time spent auto-exploring this place.
 F = Levels seen in this place.
 G = Mean time per level.
                   A        B        C        D        E       F      G
               +--------+--------+--------+--------+--------+-----+--------+
         Total |   9065 |   8011 |   1054 |      4 |   6801 |  12 |  755.4 |
       Dungeon |   8927 |   7909 |   1018 |      0 |   6756 |  10 |  892.7 |
        Temple |     42 |      6 |     36 |      0 |      4 |   1 |   42.0 |
        Bailey |     95 |     95 |      0 |      4 |     41 |   1 |   95.0 |
               +--------+--------+--------+--------+--------+-----+--------+

Top non-repeatable levels by time:
     D:8: 1306 daAuts
     D:1: 1145 daAuts
     D:2: 1061 daAuts
     D:7: 1049 daAuts
     D:5: 953 daAuts
     D:6: 908 daAuts
     D:9: 878 daAuts
     D:4: 839 daAuts
     D:3: 768 daAuts
  Bailey: 95 daAuts
  Temple: 42 daAuts
    D:10: 16 daAuts

Levels and vault maps discovered:
D:1:      tarquinn_simple_flora_water_f, layout_basic
D:2:      layout_basic, serial_shops, nicolae_shop_crystal, uniq_terence
D:3:      layout_rooms, serial_shops, nicolae_shop_statue_plus, uniq_ijyb
D:4:      wander_river, layout_rooms, uniq_eustachio
D:5:      layout_loops_ring, minmay_temple_entry_junction_2,
          nicolae_grassy_gnolls, uniq_grinder
D:6:      layout_gridville, grunt_ministairs_7, nicolae_elevator_lobby_asterisk
D:7:      layout_basic, tso_oasis_becter, minmay_misc_feat_plants
D:8:      layout_loops_cross, ebering_ghost_funeral_grove, grunt_ministairs_7,
          uniq_amaemon
D:9:      layout_basic, nicolae_dithmenos_through_a_glass_darkly,
          lair_entry_dummy
D:10:     layout_gridville, hiddenorc2_lemuel, enter_bailey_3, uniq_harold,
          uniq_erica
Temple:   nicolae_temple_slightly_damp_pantheon
Bailey:   bailey_polearm_enchanted_keep_hellmonk, bailey

Table legend: (Time is in decaauts)
 A = Elapsed time spent in this place.
 B = Non-inter-level travel time spent in this place.
 C = Inter-level travel time spent in this place.
 D = Time resting spent in this place.
 E = Time spent auto-exploring this place.
 F = Levels seen in this place.
 G = Mean time per level.
                   A        B        C        D        E       F      G
               +--------+--------+--------+--------+--------+-----+--------+
         Total |   9065 |   8011 |   1054 |      4 |   6801 |  12 |  755.4 |
       Dungeon |   8927 |   7909 |   1018 |      0 |   6756 |  10 |  892.7 |
        Temple |     42 |      6 |     36 |      0 |      4 |   1 |   42.0 |
        Bailey |     95 |     95 |      0 |      4 |     41 |   1 |   95.0 |
               +--------+--------+--------+--------+--------+-----+--------+

Top non-repeatable levels by time:
     D:8: 1306 daAuts
     D:1: 1145 daAuts
     D:2: 1061 daAuts
     D:7: 1049 daAuts
     D:5: 953 daAuts
     D:6: 908 daAuts
     D:9: 878 daAuts
     D:4: 839 daAuts
     D:3: 768 daAuts
  Bailey: 95 daAuts
  Temple: 42 daAuts
    D:10: 16 daAuts

Table legend:
 A = Kills in this place as a percentage of kills in the entire game.
 B = Kills by you in this place as a percentage of kills by you in the entire game.
 C = Kills by friends in this place as a percentage of kills by friends in the entire game.
 D = Other kills in this place as a percentage of other kills in the entire game.
 E = Experience gained in this place as a percentage of experience gained in the entire game.
 F = Experience gained in this place divided by the number of levels of this place that you have seen.
                   A       B       C       D       E      F
               +-------+-------+-------+-------+-------+----------------------
         Total | 100.0 | 100.0 |   N/A |   N/A | 100.0 | 676.8
       Dungeon |  98.2 |  98.2 |   N/A |   N/A |  94.5 | 767.3
        Bailey |   1.8 |   1.8 |   N/A |   N/A |   5.5 | 448.0
               +-------+-------+-------+-------+-------+----------------------
